 Dungeon Crawl Stone Soup version 0.29-a0-289-g2178c42546 (webtiles) character file.

Game seed: 7468404645151469343

59 tilp the Chiller (level 3, 0/15 HPs)
             Began as a Felid Ice Elementalist on Mar 17, 2022.
             Slain by a goblin
             ... wielding a +0 club
              (5 damage)
             ... on level 3 of the Dungeon.
             The game lasted 00:02:30 (3042 turns).

tilp the Chiller (Felid Ice Elementalist)           Turns: 3042, Time: 00:02:30

Health: 0/15       AC:  1    Str:  4    XL:     3   Next: 78%
Magic:  7/7        EV: 17    Int: 18    God:
Gold:   133        SH:  0    Dex: 16    Spells: 3/7 levels left
                                        Lives:  0   Deaths: 0

rFire   . . .      SeeInvis +   (weapon unavailable)
rCold   . . .      Faith    .   (shield unavailable)
rNeg    . . .      Spirit   .   (body armour unavailable)
rPois   .          Reflect  .   (helmet unavailable)
rElec   .          Harm     .   (cloak unavailable)
rCorr   .          Rampage  .   (gloves unavailable)
Will    .....                   (boots unavailable)
Stlth   ++........              (no amulet)
HPRegen 0.05/turn               (no ring)
MPRegen 0.10/turn               (no ring)

@: quick
A: very small, claws 1, fangs 3, see invisible, speed 1, shaggy fur 1, stealthy
paws, no weapons or thrown items, no armour, multi-lived
a: no special abilities


You were on level 3 of the Dungeon.
You visited 1 branch of the dungeon, and saw 3 of its levels.

You collected 133 gold pieces.

Inventory:

Scrolls
 e - a scroll of teleportation
Potions
 a - a potion of magic
 b - a potion of resistance
 c - a potion of curing


   Skills:
 + Level 1.5 Fighting
 - Level 2.6 Dodging
 - Level 2.6 Stealth
 + Level 2.5 Spellcasting
 * Level 4.3 Ice Magic


You had 3 spell levels left.
You knew the following spells:

 Your Spells              Type           Power      Damage    Failure   Level
a - Freeze                Ice            72%        1d9       2%          1
b - Frozen Ramparts       Ice            36%        1d5       9%          3

Your spell library contained the following spells:

 Spells                   Type           Power      Damage    Failure   Level
 Ozocubu's Armour         Ice            18%        N/A       9%          3
 Hailstorm                Conj/Ice       10%        3d5       56%         4


Dungeon Overview and Level Annotations

Branches:
Dungeon (3/15)

Altars:
The Shining One

Annotations:
D:3 Grinder


Innate Abilities, Weirdness & Mutations

You have sharp claws.
You have razor-sharp teeth.
You have supernaturally acute eyesight. (SInv)
You cover ground quickly. (Speed+)
You are covered in fur. (AC +1)
Your paws help you pounce on unaware monsters.
You are incapable of wielding weapons or throwing items.
You cannot wear armour.
You gain extra lives every three experience levels.


Message History

a +0 club; a rat corpse; a goblin corpse You now have 105 gold pieces (gained 17).
Found a glowing golden altar of the Shining One.
An adder comes into view.
Unknown command.
Found 20 stones.
Found a stone staircase leading down.
The adder hisses angrily.
You scratch the adder.
The adder is heavily wounded.
The adder barely misses you. The adder bites you.
You are poisoned.
The adder poisons you!
Casting: Freeze (safe; 3% risk of failure)
Confirm with . or Enter, or press ? or * to list all spells.
Aiming: Freeze (safe; 3% risk of failure)
Press: ? - help, Shift-Dir - straight line, f - adder
Aim: an adder (heavily wounded)
You freeze the adder!
You kill the adder!
You feel sick.
Unknown command.
You feel sick.
You feel sick.
You feel sick.
You feel sick.
You feel sick.
You are no longer poisoned.
You open the door.
There is an open door here.
A goblin comes into view. It is wielding a +0 club.
The goblin shouts!
You see here 6 gold pieces.
There is a glowing golden altar of the Shining One here.
You see here 14 gold pieces.
You now have 119 gold pieces (gained 14).
You see here 14 gold pieces.
You now have 133 gold pieces (gained 14).
The goblin hits you with a +0 club.
You die...

.#.......## #......#
..........####### #......#
#...............###......##
#[........####.............
#..<).....# #.#######....#
..........####.#.....#.##.#
#..............#.....#....#
........>....#.#.g_$.'.#.
#..............#@....#.#
...)...........#.....#.##
.......>....#..#######..#
.........#.#............#
..................#
.###.##.#............. #.#.
#. #.#.........#### ......
## #.#......(..# ......# ..
#.#........>#


You could see a goblin.

Vanquished Creatures
  2 adders
  A worm (D:2)
  A dart slug (D:3)
  3 endoplasms
  A giant cockroach (D:1)
  3 hobgoblins
  2 quokkas (D:1)
  3 ball pythons (D:1)
  3 bats
  2 frilled lizards
  6 goblins
  4 kobolds
  7 rats
38 creatures vanquished.

Notes
Turn   | Place    | Note
-------+----------+-------------------------------------------
     0 | D:1      | tilp the Felid Ice Elementalist began the quest for the
                  | Orb.
     0 | D:1      | Reached XP level 1. HP: 7/7 MP: 4/4
   279 | D:1      | Reached XP level 2. HP: 12/12 MP: 0/6
   578 | D:1      | Found a faded altar of an unknown god.
   605 | D:1      | Reached skill level 4 in Ice Magic
  1051 | D:2      | Reached skill level 1 in Fighting
  1457 | D:2      | Reached XP level 3. HP: 15/15 MP: 5/7
  1461 | D:2      | Learned a level 3 spell: Frozen Ramparts
  2747 | D:3      | Noticed Grinder
  3005 | D:3      | Found a glowing golden altar of the Shining One.
  3042 | D:3      | Slain by a goblin

Illustrated notes

Levels and vault maps discovered:
D:1:      mainiacjoe_arrival_reflecting_pool, layout_basic,
          hellmonk_ecumenical_altar_leap_of_faith
D:2:      layout_loops_corners
D:3:      layout_rooms, amcnicky_altar_gilded, uniq_grinder

Skill      XL: |  1  2 |
---------------+-------+-----
Ice Magic      | 4 |  4.3
Fighting       | 1 |  1.5
Dodging        | |  2.6
Stealth        | |  2.6
Spellcasting   | |  2.5

Action                   || total
-------------------------++-------
Melee: Unarmed           ||    20
       Punch             ||     1
 Cast: Freeze            ||    47
       Frozen Ramparts   ||     3
  Use: Scroll            ||     7
 Stab: Sleeping          ||     6
Armor: Skin              ||     2
Dodge: Dodged            ||    33

Table legend: (Time is in decaauts)
 A = Elapsed time spent in this place.
 B = Non-inter-level travel time spent in this place.
 C = Inter-level travel time spent in this place.
 D = Time resting spent in this place.
 E = Time spent auto-exploring this place.
 F = Levels seen in this place.
 G = Mean time per level.
                   A        B        C        D        E       F      G
               +--------+--------+--------+--------+--------+-----+--------+
         Total |   2754 |   2701 |     53 |    981 |   1455 |   3 |  918.0 |
       Dungeon |   2754 |   2701 |     53 |    981 |   1455 |   3 |  918.0 |
               +--------+--------+--------+--------+--------+-----+--------+

Top non-repeatable levels by time:
     D:2: 1728 daAuts
     D:1: 944 daAuts
     D:3: 81 daAuts
